 Dungeon Crawl Stone Soup version 0.19-a0-1456-gc747e27 (webtiles) character file.

83 PurpleRed the Conjurer (level 4, -3/24 HPs)
             Began as a Deep Elf Conjurer on Sept 6, 2016.
             Slain by a howler monkey (8 damage)
             ... on level 4 of the Dungeon.
             The game lasted 00:05:21 (617 turns).

PurpleRed the Conjurer (Deep Elf Conjurer)           Turns: 617, Time: 00:05:21

Health: -3/24      AC:  2    Str:  5    XL:     4   Next: 22%
Magic:  3/12       EV: 13    Int: 21    God:
Gold:   74         SH:  0    Dex: 15    Spells: 2 memorised, 8 levels left

rFire  . . .     SeeInvis .     (no weapon)
rCold  . . .     Gourm    .     a - +0 robe
rNeg   . . .     Faith    .     (no shield)
rPois  .         Spirit   .     (no helmet)
rElec  .         Dismiss  .     (no cloak)
rCorr  .         Reflect  .     (no gloves)
MR     .....     Harm     .     (no boots)
Stlth  ++........               (no amulet)
                                (no ring)
                                (no ring)

@: no status effects
A: no striking features
a: no special abilities


You were on level 4 of the Dungeon.
You were not hungry.

You visited 1 branch of the dungeon, and saw 4 of its levels.

You collected 74 gold pieces.

Inventory:

Hand Weapons
 f - a cursed -3 spear
Missiles
 h - 4 tomahawks (quivered)
Armour
 a - a +0 robe (worn)
Wands
 k - a wand of teleportation (6/9)
Scrolls
 d - a scroll of teleportation
 g - 2 scrolls of identify
Potions
 e - a potion of agility
 i - a potion of curing
 j - a potion of lignification {unknown}
Books
 b - a book of Conjurations

   Spells                             Type                      Level
   a - Magic Dart                     Conjuration                  1
   b - Searing Ray                    Conjuration                  2
   c - Dazzling Spray                 Conjuration/Hexes            3
   d - Fulminant Prism                Conjuration/Hexes            4
   e - Iskenderun's Mystic Blast      Conjuration                  4
   f - Iskenderun's Battlesphere      Conjuration/Charms           5
Comestibles
 c - a bread ration
 l - a royal jelly


   Skills:
 - Level 2.4 Dodging
 - Level 2.4 Stealth
 + Level 4.3 Spellcasting
 * Level 5.7 Conjurations


You had 8 spell levels left.
You knew the following spells:

 Your Spells              Type           Power        Failure   Level  Hunger
a - Magic Dart            Conj           ####         1%          1    None
b - Searing Ray           Conj           ####..       1%          2    #......


Dungeon Overview and Level Annotations

Branches:
Dungeon (4/15)
 Temple: D:4-7

Altars:
Ashenzari

Annotations:
D:3 PurpleRed's ghost, weakling DECj


Message History

The howler monkey hoots and howls with incredible vigour!
The quokka misses you. The howler monkey hits you.
Casting: Searing Ray
Confirm with . or Enter, or press ? or * to list all spells.
Aiming: Searing Ray
Press: ? - help, Shift-Dir - straight line, f - howler monkey
Aim: a howler monkey The searing ray misses the howler monkey.
The howler monkey barely misses you. The quokka bites you.
* * * LOW HITPOINT WARNING * * *
The searing ray hits the howler monkey.
The howler monkey is moderately wounded.
The howler monkey hits you.
* * * LOW HITPOINT WARNING * * *
The quokka barely misses you.
The searing ray hits the howler monkey.
The howler monkey is severely wounded.
The howler monkey hits you!
You die...

....
#######....
#..........
#..........
#..........
+..........
#.r........
#####.h@.......
#.....##+###+##
#.....# #.....#
#.....# #.....#
+.....#
#+###.....#
..........#


You could see a howler monkey and a quokka.

Vanquished Creatures
  Ijyb (D:2)
  An iguana (D:4)
  2 adders (D:2)
  A giant cockroach (D:2)
  A goblin (D:1)
  6 hobgoblins
  3 bats
  A giant newt (D:1)
16 creatures vanquished.

Notes
Turn   | Place    | Note
-------+----------+-------------------------------------------
     0 | D:1      | PurpleRed the Deep Elf Conjurer began the quest for the Orb.
     0 | D:1      | Reached XP level 1. HP: 10/10 MP: 6/6
   185 | D:2      | Found a shattered altar of Ashenzari.
   185 | D:2      | Noticed Ijyb
   288 | D:4      | Noticed an orc wizard
   288 | D:4      | Noticed a worker ant
   290 | D:4      | Noticed an orc priest
   290 | D:4      | Noticed an iguana
   310 | D:3      | Reached XP level 2. HP: 15/15 MP: 5/8
   316 | D:3      | Learned a level 2 spell: Searing Ray
   354 | D:3      | Noticed PurpleRed's ghost (weakling DECj)
   442 | D:2      | Killed Ijyb
   442 | D:2      | Reached skill level 5 in Conjurations
   442 | D:2      | Reached XP level 3. HP: 15/19 MP: 1/10
   574 | D:4      | Reached XP level 4. HP: 9/24 MP: 2/12
   617 | D:4      | Slain by a howler monkey

Vault maps used:
D:1:      dpeg_arrival_pond
D:2:      ashenzari_conservatory_becter, uniq_iyjb, uniq_crazy_yiuf_cottage,
          uniq_natasha, uniq_robin
D:3:      minmay_misc_feat_five, uniq_sigmund
D:4:      first_bread, uniq_menkaure

Skill      XL: |  1  2 |
---------------+-------+-----
Spellcasting   | 4 |  4.3
Conjurations   | 5 |  5.7
Dodging        | |  2.4
Stealth        | |  2.4

Action                   |  1- 3 |  4- 6 || total
-------------------------+-------+-------++-------
 Cast: Magic Dart        |    24 |       ||    24
       Searing Ray       |     4 |     1 ||     5
  Use: Scroll            |     3 |       ||     3
Armor: Robe              |     7 |       ||     7
Dodge: Dodged            |    23 |     4 ||    27
